 Dungeon Sprint DCSS version 0.31-a0-875-g02e7d12df6 (webtiles) character file.

Game seed: 522010423771953106

8122 sircluck the Brawler (level 11, -16/192 HPs)
             Began as a Troll Berserker on Oct 12, 2023.
             Was a High Priest of Trog.
             Demolished by Gastronok (29 damage)
             ... in the Dungeon (Sprint III: "The Ten Rune Challenge").
             The game lasted 00:03:48 (948 turns).

sircluck the Brawler (Troll Berserker)               Turns: 948, Time: 00:03:49

Health: -16/192    AC:  4    Str: 31    XL:     11   Next: 5%
Magic:  10/10      EV: 13    Int:  3    God:    Trog [*****.]
Gold:   54         SH:  0    Dex:  9    Spells: 10/10 levels left

rFire   . .          .
                       - Unarmed
rCold   . . .        (no shield)
rNeg    . . .        a - +0 animal skin
rPois   .            (helmet restricted)
rElec   .            (no cloak)
rCorr   .            (gloves unavailable)
SInv    +            (boots unavailable)
Will    .....        (no amulet) Stlth
                     (no ring)
HPRegen 1.32/turn    (no ring)
MPRegen 0.12/turn

%: no teleportation
@: berserking (expiring), very quick
A: large, unfitting armour, claws 3, regeneration 1, shaggy fur 1, tough skin 1,
talons 1, see invisible
a: Renounce Religion, Berserk, Trog's Hand, Brothers in Arms


You were in the Dungeon.
You worshipped Trog.
Trog was extremely pleased with you.
You visited 1 branch You collected 54 gold pieces.

Inventory:

Armour
 a - a +0 animal skin (worn)
Wands
 h - a wand of polymorph (8)
 o - a wand of charming (10)
Scrolls
 g - a scroll of blinking
 i - a scroll of amnesia {unknown}
 k - a scroll of poison {unknown}
 l - 4 scrolls of identify
 n - a scroll of torment {unknown}
Potions
 b - a potion of curing
 c - 2 potions of heal wounds
 d - 2 potions of haste
 e - 2 potions of magic
 f - a potion of berserk rage
 j - 4 potions of mutation
 m - 2 potions of enlightenment


   Skills:
 + Level 13.6 Fighting
 + Level 13.4 Dodging
 + Level 15.8 Unarmed Combat


You had 10 spell levels left.
You didn't know any spells.
Your spell library was empty.

Dungeon Overview and Level Annotations

Branches:
Dungeon (1/1)

Altars:
Cheibriados
Dithmenos
Elyvilon
Fedhas
Gozag
Hepliaklqana
Kikubaaqudgha
Makhleb
Nemelex Xobeh
Okawaru
Qazlal
Ru
Sif Muna
Trog
Uskayaw
Vehumet
Wu Jian
Xom
Yredelemnul
Zin
The Shining One
Jiyva
Lugonu

Annotations:
D exclusion: 2 doors, Gastronok


Innate Abilities, Weirdness & Mutations

You are too large for most types of armour.
You have claws for hands.
Your natural rate of healing is unusually fast.
You are covered in fur. (AC +1)
You have tough skin. (AC +1)
You have sharp toenails.
You have supernaturally acute eyesight. (SInv)


Message History

The dire elephant tramples you!!
You stumble backwards!
The elephant moves out of view.
Unknown command.
You scratch the dire elephant. You claw the dire elephant!
The dire elephant is lightly wounded.
You barely miss the dire elephant. Your kick misses the dire elephant.
The dire elephant is lightly wounded.
The dire elephant barely misses you.
The dire elephant trunk-slaps you but does no damage.
You mangle the dire elephant!!
You claw the dire elephant, but do no damage.
The dire elephant is moderately wounded.
You mangle the dire elephant!!
You claw the dire elephant, but do no damage.
The dire elephant is heavily wounded.
The dire elephant tramples you!!
* * * LOW HITPOINT WARNING * * *
You hold your ground!
The dire elephant trunk-slaps you.
* * * LOW HITPOINT WARNING * * *
You completely miss the dire elephant. You claw the dire elephant! x2
The dire elephant is severely wounded.
Gastronok waves his eye-stalks in wide circles.
The air twists around and strikes you!
* * * LOW HITPOINT WARNING * * *
You claw the dire elephant! x2
The dire elephant is almost dead.
The dire elephant tramples you!!
* * * LOW HITPOINT WARNING * * *
You hold your ground!
The dire elephant trunk-slaps you but does no damage.
You eviscerate the dire elephant!!!
You kill the dire elephant!
Trog accepts your kill.
You have reached level 11!
Unknown command.
Unknown command.
You feel a strong urge to attack something.
Gastronok bites you!!
You die...
Gastronok gurgles, "About time.
I'm starving!"

#).# #..#####....#_
▓▓▓▓▓▓▓▓▓▓▓▓▓▓▓▓▓▓▓
.+~≈~~≈.≈~≈♣♣...
.#~≈.§≈≈~≈÷♣♣.≈≈
.#~~≈§§§§..÷'...
P#~~.§§§~§~♣♣♣♣♣
(#≈~.~§§≈~~♣
▓##'####)#######♣
▓.@w............♣
▓#+#############+
.JJ# ▓J..+ ▓...#
▓...# #+###


You could see Gastronok and an azure jelly.

Vanquished Creatures
  Rupert (D)
  2 dire elephants (D)
  Erolcha (D)
  A deep elf pyromancer (D)
  2 cane toads (D)
  A komodo dragon (D)
  5 blink frogs (D)
  3 wandering mushrooms (D)
  A shadow (D)
  2 redbacks (D)
  A spatial vortex (D)
  A swamp drake (D)
  5 two-headed ogres (D)
  A necrophage (D)
  A scorpion (D)
  A water elemental (D)
  A jelly (D)
  Jessica (D)
  A wizard (D)
  A necromancer (D)
  A kobold demonologist (D)
  3 humans (D)
  An endoplasm (D)
  A rat (D)
39 creatures vanquished.

Vanquished Creatures (others)
  A rime drake (D)
1 creature vanquished.

Grand Total: 40 creatures vanquished

Notes
Turn   | Place    | Note
-------+----------+-------------------------------------------
     0 | D        | sircluck the Troll Berserker began the quest for the Orb.
     0 | D        | Reached XP level 1. HP: 22/22 MP: 0/0
    21 | D        | Noticed Jessica
    25 | D        | Killed Jessica
    25 | D        | Reached ** piety under Trog
    26 | D        | Reached skill level 4 in Unarmed Combat
    26 | D        | Reached XP level 2. HP: 32/32 MP: 1/1
    46 | D        | Noticed a scorpion
    50 | D        | Killed a scorpion
    51 | D        | Reached skill level 5 in Unarmed Combat
    51 | D        | Reached XP level 3. HP: 40/40 MP: 2/2
    51 | D        | Reached XP level 4. HP: 49/49 MP: 3/3
    65 | D        | Reached skill level 5 in Fighting
    81 | D        | Gained mutation: You have supernaturally acute eyesight.
                  | (SInv) [potion of mutation]
    81 | D        | Gained mutation: You have sharp toenails. [potion of
                  | mutation]
    85 | D        | Noticed a water elemental
    89 | D        | Killed a water elemental
    90 | D        | Reached skill level 5 in Dodging
    90 | D        | Reached skill level 6 in Unarmed Combat
    90 | D        | Reached XP level 5. HP: 58/58 MP: 4/4
   147 | D        | Found a glowing silver altar of Zin.
   147 | D        | Found a glowing golden altar of the Shining One.
   147 | D        | Found a white marble altar of Elyvilon.
   148 | D        | Noticed a deep elf pyromancer
   150 | D        | Killed a deep elf pyromancer
   150 | D        | Reached *** piety under Trog
   151 | D        | Reached skill level 9 in Unarmed Combat
   151 | D        | Reached XP level 6. HP: 72/72 MP: 5/5
   151 | D        | Reached XP level 7. HP: 79/79 MP: 6/6
   157 | D        | Found a hide-covered altar of Uskayaw.
   157 | D        | Found an iron altar of Okawaru.
   157 | D        | Found a bloodstained altar of Trog.
   157 | D        | Found an ornate altar of the Wu Jian Council.
   157 | D        | Noticed a human
   157 | D        | Noticed a human
   165 | D        | Killed a human
   171 | D        | Killed a human
   172 | D        | Reached skill level 10 in Unarmed Combat
   201 | D        | Found a basalt altar of Yredelemnul.
   201 | D        | Found a shadowy altar of Dithmenos.
   201 | D        | Found a sacrificial altar of Ru.
   202 | D        | Reached **** piety under Trog
   228 | D        | Found a radiant altar of Vehumet.
   228 | D        | Found a shimmering blue altar of Sif Muna.
   228 | D        | Found an ancient bone altar of Kikubaaqudgha.
   232 | D        | Noticed a hellwing
   234 | D        | Reached ***** piety under Trog
   235 | D        | Noticed a soul eater
   236 | D        | Noticed an ice devil
   253 | D        | HP: 4/121 [hellwing[a kobold demonologist] (9)]
   333 | D        | Noticed a shadow
   338 | D        | Killed a shadow
   339 | D        | Reached XP level 8. HP: 92/92 MP: 7/7
   347 | D        | Found a blossoming altar of Fedhas.
   347 | D        | Found a stormy altar of Qazlal.
   347 | D        | Found a snail-covered altar of Cheibriados.
   347 | D        | Found a burning altar of Makhleb.
   347 | D        | Found a shimmering altar of Xom.
   348 | D        | Found a hazy altar of Hepliaklqana.
   348 | D        | Found an opulent altar of Gozag.
   348 | D        | Found a sparkling altar of Nemelex Xobeh.
   348 | D        | Found a corrupted altar of Lugonu.
   348 | D        | Found a viscous altar of Jiyva.
   354 | D        | Reached skill level 11 in Unarmed Combat
   410 | D        | Noticed a two-headed ogre
   415 | D        | Killed a two-headed ogre
   416 | D        | Reached skill level 10 in Fighting
   416 | D        | Reached skill level 10 in Dodging
   444 | D        | Noticed Erolcha
   444 | D        | Noticed a two-headed ogre
   448 | D        | Killed Erolcha
   448 | D        | Received a gift from Trog
   449 | D        | Reached skill level 12 in Unarmed Combat
   449 | D        | Reached XP level 9. HP: 102/102 MP: 8/8
   458 | D        | Killed a two-headed ogre
   459 | D        | Reached skill level 13 in Unarmed Combat
   511 | D        | Noticed a wandering mushroom
   523 | D        | Noticed a wandering mushroom
   525 | D        | Noticed a wandering mushroom
   535 | D        | Reached ****** piety under Trog
   552 | D        | Noticed a cane toad
   552 | D        | Noticed a komodo dragon
   552 | D        | Noticed a cane toad
   556 | D        | Killed a komodo dragon
   556 | D        | Received a gift from Trog
   558 | D        | Killed a cane toad
   559 | D        | Reached XP level 10. HP: 90/115 MP: 9/9
   561 | D        | Killed a cane toad
   562 | D        | Reached skill level 14 in Unarmed Combat
   749 | D        | Received a gift from Trog
   847 | D        | Noticed Rupert
   854 | D        | Paralysed by Rupert for 2 turns
   863 | D        | Killed Rupert
   864 | D        | Reached skill level 15 in Unarmed Combat
   900 | D        | Noticed an azure jelly
   900 | D        | Noticed an azure jelly
   900 | D        | Noticed an azure jelly
   900 | D        | Noticed an azure jelly
   927 | D        | Noticed Gastronok
   927 | D        | Noticed a dire elephant
   927 | D        | Noticed an elephant
   928 | D        | Noticed a dire elephant
   938 | D        | Killed a dire elephant
   939 | D        | Noticed an elephant
   946 | D        | Killed a dire elephant
   947 | D        | Reached XP level 11. HP: 12/128 MP: 10/10
   948 | D        | Demolished by Gastronok

Illustrated notes

Levels and vault maps discovered:
D:        dungeon_sprint_mu [sprint_mu_entry_cave, sprint_mu_temple_rooms,
          sprint_mu_d1_spiders, sprint_mu_d2_genie, sprint_mu_d3_branching,
          sprint_mu_orc_legion, sprint_mu_elf_gauntlet, sprint_mu_hive_nellie,
          sprint_mu_lair_fedhas, sprint_mu_vaults_butterflies,
          sprint_mu_slime_circle, sprint_mu_swamp_cave, sprint_mu_shoals_archi,
          sprint_mu_blade_basic, sprint_mu_crypt_chambers,
          sprint_mu_tomb_spiral, sprint_mu_vestibule_basic,
          sprint_mu_gehenna_hellfire, sprint_mu_dis_giant,
          sprint_mu_tartarus_statrot, sprint_mu_cocytus_islands, sprint_mu_zot1]

Skill      XL: |  1  2  3  4  5  6  7  8  9 10 |
---------------+-------------------------------+-----
Fighting       | 3 4 5 7 9 10 11 13 | 13.6
Dodging        | 3 4 5 7 9 10 11 13 | 13.4
Unarmed Combat | 4 5 6 9 10 12 13 15 | 15.8

Action                     |  1- 3 |  4- 6 |  7- 9 | 10-12 || total
---------------------------+-------+-------+-------+-------++-------
  Melee: Unarmed           |     7 |    19 |   102 |    68 ||   196
         Kick              |       |     2 |    36 |    17 ||    55
         Punch             |       |     1 |     3 |     4 ||     8
 Invoke: Berserk           |       |     1 |     1 |     2 ||     4
         Brothers in Arms  |       |       |       |     2 ||     2
    Use: Potion            |       |     1 |       |       ||     1
   Stab: Sleeping          |       |       |       |     1 ||     1
 Armour: Animal skin       |     3 |     9 |    47 |    50 ||   109
  Dodge: Dodged            |     3 |     5 |    60 |    30 ||    98

Table legend: (Time is in decaauts)
 A = Elapsed time spent in this place.
 B = Non-inter-level travel time spent in this place.
 C = Inter-level travel time spent in this place.
 D = Time resting spent in this place.
 E = Time spent auto-exploring this place.
 F = Levels seen in this place.
 G = Mean time per level.
                   A        B        C        D        E       F      G
               +--------+--------+--------+--------+--------+-----+--------+
         Total |    933 |    923 |     10 |    403 |    152 |   1 |  933.0 |
       Dungeon |    933 |    923 |     10 |    403 |    152 |   1 |  933.0 |
               +--------+--------+--------+--------+--------+-----+--------+

Top non-repeatable levels by time:
       D: 933 daAuts
